Map: 카이로스 정션 - 래더

Players

dark

  • Race: Zerg Zerg
  • Spawn Location: 5:00

Maru - Winner!

  • Race: Terran Terran
  • Spawn Location: 11:00

Event: IEM Season 13: Katowice (2019)

VOD

Have the link to the VOD?

Description

Time

  • Played on: Feb. 28, 2019, 2:11 p.m.
  • Length: 11:36

All games in this series

Show
View Real Time Build Order
Export as new Build Order

dark Zerg 

Build Orders: Pool First 

Get SALT Encoding   

  12  0:00  Drone  
  13  0:12  Overlord  
  13  0:17  Drone  
  14  0:32  Drone x2  
  16  0:35  Drone  
  17  0:47  Extractor  
  17  0:49  Drone  
  17  0:50  Spawning Pool  
  16  0:57  Drone  
  17  1:07  Drone  
  18  1:18  Hatchery  
  17  1:20  Drone  
  18  1:28  Drone  
  19  1:36  Queen  
  19  1:39  Zergling x2  
  22  1:49  Metabolic Boost  
  22  1:53  Overlord  
  22  2:11  Drone x2  
  22  2:12  Queen  
  26  2:22  Drone  
  27  2:29  Queen  
  27  2:31  Drone  
  30  2:37  Overlord  
  30  2:40  Drone  
  30  2:44  Drone  
  32  2:48  Drone x3  
  32  2:51  Drone  
  36  2:57  Drone  
  37  3:05  Hatchery  
  36  3:08  Drone x2  
  38  3:16  Queen  
  40  3:24  Overlord  
  40  3:26  Zergling x4  
  42  3:27  Zergling x2  
  42  3:31  Drone  
  42  3:32  Overlord  
  44  3:39  Lair  
  44  3:42  Drone  
  44  3:43  Drone x4  
  49  3:49  Zergling x2  
  49  3:58  Drone x4  
  49  4:01  Drone  
  52  4:08  Drone  
  52  4:13  Extractor  
  52  4:14  Extractor  
  52  4:15  Overlord  
  52  4:16  Drone  
  51  4:18  Queen, Baneling Nest  
  51  4:21  Drone  
  51  4:24  Spore Crawler  
  52  4:30  Zergling x6  
  55  4:34  Zergling x4  
  55  4:36  Drone x3  
  55  4:37  Overseer  
  60  4:41  Drone  
  60  4:42  Zergling x4  
  60  4:43  Overseer  
  62  4:46  Queen  
  62  4:49  Drone x3  
  67  4:57  Drone x3  
  70  5:01  Drone x2  
  70  5:04  Centrifical Hooks  
  70  5:05  Drone  
  70  5:07  Overlord x2  
  73  5:14  Overlord  
  73  5:18  Overlord  
  73  5:20  Overlord x2  
  73  5:26  Drone x5  
  73  5:27  Drone  
  73  5:28  Drone x2  
  81  5:34  Drone  
  82  5:36  Evolution Chamber, Drone x2  
  82  5:37  Evolution Chamber, Drone x2  
  82  5:40  Drone  
  85  5:46  Hatchery  
  84  5:51  Extractor, Drone x3  
  84  5:52  Extractor  
  84  5:56  Hatchery  
  84  6:02  Drone  
  84  6:07  Drone x3  
  84  6:17  Zergling x2, Zerg Ground Armor Level 1, Zerg Melee Weapons Level 1  
  84  6:18  Zergling x18  
  93  6:20  Baneling  
  93  6:21  Baneling x6  
  93  6:25  Drone  
  94  6:27  Baneling  
  94  6:28  Baneling x2  
  94  6:30  Hydralisk Den  
  93  6:35  Zergling x4  
  93  6:36  Drone  
  96  6:40  Drone x2  
  96  6:46  Drone x2  
  100  6:48  Drone x4  
  100  6:52  Zergling x10  
  109  6:54  Baneling x2  
  109  7:01  Grooved Spines  
  107  7:02  Baneling  
  107  7:03  Baneling x4  
  107  7:06  Hydralisk x4  
  115  7:10  Hydralisk  
  115  7:11  Hydralisk  
  116  7:20  Hydralisk x3  
  116  7:22  Zergling x22  
  123  7:24  Baneling  
  123  7:36  Hydralisk x3  
  123  7:43  Overlord  
  127  7:49  Overlord  
  127  7:50  Overlord  
  127  7:54  Baneling  
  127  7:59  Hatchery  
  127  8:02  Hydralisk x5  
  133  8:19  Hydralisk x2  
  125  8:20  Hydralisk x5  
  125  8:24  Zergling x2  
  133  8:31  Overlord x2  
  130  8:34  Zergling x12  
  130  8:35  Zerg Melee Weapons Level 2  
  135  8:43  Hydralisk Den  
  135  8:46  Zergling x10  
  135  8:48  Overlord x2  
  135  8:50  Zergling x2  
  135  8:51  Zergling x8  
  140  8:56  Zerg Ground Armor Level 2  
  140  8:59  Zergling x6, Hatchery  
  140  9:00  Zergling x6  
  145  9:08  Zergling x2  
  145  9:09  Zergling x4  
  148  9:15  Zergling x4  
  148  9:16  Zergling x10  
  153  9:22  Baneling x6  
  153  9:23  Baneling x3  
  153  9:24  Zergling x6  
  153  9:32  Drone x3  
  153  9:33  Overlord  
  156  9:39  Baneling x2  
  156  9:40  Baneling x2  
  156  9:42  Hydralisk Den  
  151  9:48  Zergling x14  
  156  9:53  Hydralisk  
  156  9:56  Muscular Augments  
  156  9:57  Zergling x8  
  156  9:58  Baneling x2  
  156  9:59  Hatchery, Baneling  
  158  10:03  Zergling x6  
  161  10:09  Zergling x4  
  161  10:10  Zergling x6  
  161  10:13  Zergling x2  
  161  10:14  Zergling x6  
  155  10:27  Zergling x2  
  155  10:28  Zergling x20, Baneling  
  136  10:30  Baneling x4  
  136  10:32  Overseer  
  136  10:33  Zergling x4  
  129  10:36  Zergling x4  
  129  10:38  Baneling x4  
  129  10:43  Zergling x6  
  129  10:44  Zergling x2  
  129  10:48  Overlord  
  133  10:50  Baneling x3  
  133  10:51  Zergling x14  
  133  10:53  Baneling x4  
  140  10:58  Overlord  
  140  11:02  Baneling x2  
  125  11:13  Zergling x14  
  125  11:15  Baneling  
  125  11:16  Zergling x10  
Show
View Real Time Build Order
Export as new Build Order

Maru Terran - Winner!

Build Orders: Gas First Reaper Expand, Hellion Banshee 

Get SALT Encoding   

  12  0:00  SCV  
  13  0:13  SCV  
  14  0:16  Supply Depot  
  14  0:25  SCV  
  15  0:29  Refinery  
  15  0:38  SCV  
  16  0:43  Barracks  
  16  0:50  SCV  
  17  1:02  SCV  
  18  1:14  SCV  
  19  1:31  Reaper, Orbital Command  
  20  1:41  Command Center  
  20  1:51  Factory  
  20  1:56  SCV  
  21  2:05  Barracks Reactor  
  21  2:08  SCV  
  21  2:12  Supply Depot  
  22  2:15  Refinery  
  22  2:20  SCV  
  23  2:34  SCV  
  24  2:41  Starport  
  24  2:46  Hellion x2  
  24  2:48  SCV  
  29  2:53  Orbital Command  
  29  3:00  SCV  
  29  3:04  Marine  
  31  3:07  Hellion x2  
  36  3:12  SCV  
  36  3:19  Starport Tech Lab, SCV  
  37  3:28  Hellion, Supply Depot  
  37  3:29  Hellion  
  37  3:30  SCV  
  42  3:36  SCV  
  42  3:39  Cloaking Field  
  43  3:42  SCV  
  43  3:45  Barracks Tech Lab  
  45  3:48  SCV  
  45  3:49  Banshee  
  45  3:53  Supply Depot  
  45  3:55  SCV  
  47  4:00  SCV  
  43  4:06  Marine  
  43  4:07  Stimpack, SCV  
  45  4:12  SCV  
  44  4:19  SCV  
  44  4:21  Command Center  
  45  4:24  SCV, Marine  
  45  4:25  Factory Reactor  
  47  4:32  Banshee, SCV  
  47  4:36  Supply Depot  
  51  4:39  SCV  
  51  4:42  Marine  
  53  4:47  Barracks, SCV  
  53  4:48  Barracks  
  53  4:51  SCV  
  55  4:54  Engineering Bay  
  55  4:55  Engineering Bay  
  55  4:59  SCV  
  56  5:01  Marine  
  56  5:05  SCV  
  58  5:07  Refinery  
  58  5:11  SCV  
  59  5:17  SCV  
  59  5:21  Starport Reactor  
  60  5:23  Terran Infantry Armor Level 1, Terran Infantry Weapons Level 1, SCV  
  60  5:24  Marine  
  60  5:25  Siege Tank  
  60  5:28  Refinery  
  65  5:29  SCV  
  65  5:34  Orbital Command  
  65  5:35  SCV  
  67  5:37  Marine x2  
  67  5:41  SCV  
  67  5:42  Marine  
  71  5:44  Marine x2  
  71  5:47  SCV  
  74  5:50  Supply Depot  
  74  5:53  SCV  
  74  5:54  Marine  
  74  5:55  Marine  
  77  5:57  Siege Tank  
  77  5:59  SCV  
  77  6:03  Medivac x2  
  85  6:11  Marine x2, Supply Depot  
  85  6:12  SCV  
  85  6:14  Orbital Command  
  85  6:15  SCV, Marine x2  
  85  6:16  Supply Depot, Marine  
  92  6:21  Combat Shield  
  92  6:25  SCV  
  93  6:32  Siege Tank, Marine x2  
  98  6:33  SCV, Marine x2  
  98  6:36  Supply Depot  
  98  6:37  Medivac, Marine  
  98  6:38  SCV  
  105  6:40  SCV  
  105  6:45  SCV, Medivac  
  105  6:46  Supply Depot  
  109  6:57  Marine x3  
  109  6:58  Armory, SCV x3  
  115  7:04  Marine  
  115  7:05  Marine  
  117  7:08  Siege Tank  
  117  7:10  SCV x3  
  123  7:20  Marine x3  
  123  7:22  SCV x3, Marine  
  125  7:26  Supply Depot  
  125  7:28  Medivac, Marine  
  128  7:33  Barracks  
  128  7:34  SCV x3  
  131  7:38  Marine x2  
  131  7:42  Refinery  
  131  7:43  Refinery  
  133  7:46  Barracks  
  133  7:47  Siege Tank  
  136  7:52  Supply Depot, Marine x3  
  136  7:53  Medivac, Supply Depot  
  136  7:58  Terran Infantry Weapons Level 2  
  141  8:04  Marine  
  141  8:10  Factory  
  141  8:14  SCV x2, Medivac, Marine x4  
  141  8:19  SCV  
  139  8:22  Marine  
  139  8:26  SCV x2  
  126  8:31  SCV, Marine x2  
  126  8:32  Medivac  
  126  8:34  Barracks Reactor x2  
  126  8:38  SCV x2  
  126  8:39  Siege Tank  
  131  8:43  SCV  
  131  8:44  Medivac, Marine x3  
  137  8:49  Marine  
  137  8:50  SCV x2  
  137  8:54  Marine  
  141  8:59  Supply Depot  
  141  9:01  Marine, SCV, Supply Depot  
  141  9:02  SCV, Marine x2  
  146  9:07  Marine  
  146  9:08  Factory Tech Lab  
  147  9:10  SCV  
  147  9:12  Marine  
  147  9:13  Terran Infantry Armor Level 2, SCV  
  147  9:14  Terran Vehicle Weapons Level 1  
  147  9:15  SCV  
  147  9:19  Marine  
  147  9:22  SCV  
  147  9:23  Siege Tank  
  152  9:25  SCV  
  152  9:27  SCV  
  152  9:34  SCV  
  152  9:35  Siege Tank  
  155  9:39  SCV  
  155  9:45  Marine x6  
  155  9:51  Supply Depot  
  157  9:55  Siege Tank  
  160  10:02  Marine x3  
  162  10:08  Siege Tank  
  162  10:09  Marine  
  162  10:13  SCV, Marine  
  150  10:14  SCV x2  
  150  10:15  Marine  
  139  10:23  Marine x3  
  139  10:25  SCV  
  139  10:26  SCV  
  139  10:27  Siege Tank, SCV  
  143  10:33  Marine  
  143  10:35  Medivac x2  
  141  10:38  SCV  
  141  10:39  SCV x2  
  141  10:40  Siege Tank  
  141  10:41  Marine  
  147  10:50  SCV  
  147  10:51  SCV  
  149  10:58  Marine x2  
  149  10:59  Siege Tank  
  154  11:05  Medivac  
  142  11:13  Marine x2  
  142  11:14  SCV x2  

Tags
 
Add a new tag
Caveats
  • Supply blocks, unpowered buildings, or Contaminate may cause inaccurate times.
  • Supply counts are checked every 10 seconds.